 Dungeon Crawl Stone Soup version 0.31.0-32-g396128a36d (webtiles) character file.

Game seed: 7417445060403071776

142 Doomgape the Ruffian (level 5, -4/49 HPs)
             Began as a Troll Shapeshifter on Mar 10, 2024.
             Slain by Sigmund
             ... wielding a +3 scythe of venom
              (5 damage)
             ... on level 3 of the Dungeon.
             The game lasted 00:04:07 (1555 turns).

Doomgape the Ruffian (Troll Shapeshifter)           Turns: 1555, Time: 00:04:09

Health: -4/49      AC:  6    Str: 29    XL:     5   Next: 4%
Magic:  4/4        EV: 15    Int:  5    God:
Gold:   62         SH:  0    Dex: 13    Spells: 4/4 levels left

rFire   x .          .
                       - Unarmed
rCold   . . .        (no shield)
rNeg    . . .        a - +0 animal skin
rPois   .            (helmet currently unavailable)
rElec   .            (cloak currently unavailable)
rCorr   .            (gloves unavailable)
SInv    .            (boots unavailable)
Will    .....        (no amulet)
Stlth   +            l - +5 ring of evasion
HPRegen 1.08/turn    p - +6 ring of strength
MPRegen 0.09/turn

%: no passive effects
@: lethally poisoned (-4 -> -17), beast-form
A: beast (slay +2), large, unfitting armour, claws 3, regeneration 1, shaggy fur
1, tough skin 1, iridescent scales 1, agile 1, heat vulnerability 1
a: Begin Untransformation


You were on level 3 of the Dungeon.
You were a hulking beast.
You visited 1 branch of the dungeon, and saw 3 of its levels.

You collected 62 gold pieces.

Inventory:

Armour
 a - a +0 animal skin (worn)
Jewellery
 h - a ring of flight
 l - a +5 ring of evasion (left claw)
 p - a +6 ring of strength (right claw)
Talismans
 c - a beast talisman
 d - a flux talisman
Scrolls
 e - a scroll of amnesia
 f - 2 scrolls of blinking {unknown}
 i - a scroll of enchant weapon {unknown}
 j - 2 scrolls of fear {unknown}
 k - 2 scrolls of vulnerability {unknown}
 m - 2 scrolls of identify {unknown}
 q - a scroll of immolation {unknown}
 r - a scroll of teleportation {unknown}
Potions
 b - a potion of lignification
 g - a potion of berserk rage {unknown}
 n - a potion of curing {unknown}


   Skills:
 + Level 2.0 Fighting
 + Level 2.5 Dodging
 + Level 3.8 Unarmed Combat
 + Level 3.7 Shapeshifting


You had 4 spell levels left.
You didn't know any spells.
Your spell library contained the following spells:

 Spells                   Type           Power      Damage    Failure   Level
 Dazzling Flash           Conj/Hex       0%         N/A       85%         3
 Gell's Gravitas          Tloc           0%         N/A       85%         3
 Mephitic Cloud           Conj/Alch/Air  0%         N/A       85%         3
 Teleport Other           Tloc           0%         N/A       85%         3
 Alistair's Intoxication  Alch           0%         N/A       100%        5
 Borgnjor's Vile Clutch   Necr/Erth      0%         N/A       100%        5
 Curse of Agony           Necr           0%         N/A       100%        5
 Silence                  Hex/Air        0%         N/A       100%        5
 Dispersal                Tloc           0%         N/A       100%        6
 Eringya's Noxious Bog    Alch           0%         4d6       100%        6


Dungeon Overview and Level Annotations

Branches:
Dungeon (3/15)

Altars:

Annotations:
D:3 Sigmund


Innate Abilities, Weirdness & Mutations

You are a hulking beast.
Your limbs bulge with bestial killing power. (Slay +2)
You are too large for most types of armour.
You have claws for hands.
Your natural rate of healing is unusually fast.
You are covered in fur. (AC +1)
You have tough skin. (AC +1)
You are partially covered in iridescent scales. (AC +2)
You are agile. (Dex +4, Str/Int -1)
You are vulnerable to heat. (rF-)


Message History

You see here 5 gold pieces.
You now have 62 gold pieces (gained 5).
Sigmund gestures wildly while chanting.
Sigmund flickers and vanishes!
Deactivating autopickup; reactivate with Ctrl-A.
Okay, then.
A puff of flame appears from out of thin air!
The puff of flame hits you.
A bat comes into view.
The bat closely misses you.
You barely miss the bat. The bat misses you. The bat closely misses you.
The bat misses you.
You claw the bat!
You kill the bat!
Found a short sword.
You see here a +0 short sword.
Something hits you!
You are poisoned.
You see here a +0 short sword.
You feel very sick. Something hits you!
You are more poisoned.
You miss something.
You feel very sick.
You closely miss something. Your claw misses something.
You feel very sick. Something hits you.
* * * LOW HITPOINT WARNING * * *
You are lethally poisoned!
You claw something!
* * * LOW HITPOINT WARNING * * *
You feel extremely sick.
Unknown command.
It was a potion of mutation.
You feel extremely strange.
Iridescent scales grow over part of your body.
You feel vulnerable to heat.
You feel agile.
* * * LOW HITPOINT WARNING * * *
You feel very sick. Something hits you.
You die...

....# .).# ##..# #. #<..## #.
#....# #. #....# #.# ###..#
#.########### #..#
#.....>..h{.# ##..#
#......#)##.# ##.†.##
#....##.###.####.....## #
#..#.##...............#
########..#.######...........#
...........†# #####.......#
#######..##.# #......## #
#..##.# #.#...## #..##.#
#.##..#


There were no monsters in sight!

Vanquished Creatures
  A scorpion (D:3)
  3 adders
  2 dart slugs (D:1)
  2 ribbon worms (D:2)
  11 bats
  5 endoplasms
  3 giant cockroaches
  4 goblins
  5 hobgoblins (D:1)
  2 kobolds (D:1)
  A quokka (D:3)
  6 ball pythons
  2 frilled lizards (D:1)
  3 rats
50 creatures vanquished.

Notes
Turn   | Place    | Note
-------+----------+-------------------------------------------
     0 | D:1      | Doomgape the Troll Shapeshifter began the quest for the
                  | Orb.
     0 | D:1      | Reached XP level 1. HP: 18/18 MP: 0/0
    42 | D:1      | Reached skill level 1 in Fighting
    46 | D:1      | Reached XP level 2. HP: 27/27 MP: 1/1
   253 | D:1      | Reached XP level 3. HP: 33/33 MP: 2/2
  1348 | D:2      | Identified the amulet "Lowkan" {RegenMP Harm rCorr}
  1464 | D:3      | Noticed a scorpion
  1472 | D:3      | Killed a scorpion
  1473 | D:3      | Reached XP level 4. HP: 31/42 MP: 3/3
  1526 | D:3      | Reached XP level 5. HP: 45/49 MP: 4/4
  1530 | D:3      | Noticed Sigmund
  1555 | D:3      | Gained mutation: You are partially covered in iridescent
                  | scales. (AC +2) [potion of mutation]
  1555 | D:3      | Gained mutation: You are vulnerable to heat. (rF-) [potion
                  | of mutation]
  1555 | D:3      | Gained mutation: You are agile. (Dex +4, Str/Int -1)
                  | [potion of mutation]
  1555 | D:3      | HP: 1/49 [poisoned by Sigmund]
  1555 | D:3      | Slain by Sigmund

Illustrated notes

Levels and vault maps discovered:
D:1:      minmay_arrival_glassed_features, layout_basic, serial_curves,
          eino_curves_02, eino_curves_04, eino_curves_01,
          minmay_tree_intersection
D:2:      layout_basic, grunt_ministairs_13, nicolae_wormholes
D:3:      layout_loops_ring, nicolae_overflow_hallway_of_the_gods, uniq_sigmund

Skill      XL: |  1  2  3 |
---------------+----------+-----
Fighting       | 1 2 |  2.0
Dodging        | 2 |  2.5
Unarmed Combat | |  3.8
Shapeshifting  | |  3.7

Action                     |  1- 3 |  4- 6 || total
---------------------------+-------+-------++-------
  Melee: Unarmed           |    94 |    22 ||   116
         Punch             |     1 |       ||     1
    Use: Scroll            |     1 |       ||     1
         Potion            |       |     1 ||     1
 Armour: Animal skin       |    59 |    13 ||    72
  Dodge: Dodged            |    61 |    14 ||    75
